AoeStats
← Tommy Gun

Oasis

510163314Analyzed
3v3 RM · 4d ago on Sep 29, 2026· 35m 14s· 6 players
Game mode
Random Map
Map size
Normal (6 player)
Population
200
Speed
Normal
Resources
Standard
Victory
Conquest
Starting age
Dark Age
Ending age
Imperial Age
RankedLock teamsTeams togetherTeam positionsShared explorationLock speedFull tech treeHidden civsTurbo modeCheats
Victory
Defeat
🇦🇷 Turks · Argentina
955
+17
🇦🇷 Burgundians · Argentina
940
+18
🇦🇷 Slavs · Argentina
905
+19
🇨🇱 Franks · Chile
1006
-55
🇹🇷 Japanese · Türkiye
993
-18
🇮🇳 Romans · India
944
-17
cHeck
17:14 Feudal Age
23:12 Double-Bit Axe
31:33 Castle Age
31:32 Gold Mining
31:59 Forging
SAMURAI
9:22 Loom
11:08 Feudal Age
19:29 Castle Age
17:38 Horse Collar
17:53 Double-Bit Axe
21:53 Wheelbarrow
21:18 Pikeman
24:38 Scale Mail Armor
28:12 Pikeman
30:13 Scale Barding Armor
Jewish MasterMind
11:09 Feudal Age
13:43 Loom
17:30 Scale Mail Armor
19:57 Castle Age
19:11 Forging
18:49 Town Watch
18:59 Horse Collar
20:02 Double-Bit Axe
20:56 Bow Saw
24:06 Wheelbarrow
23:04 Pikeman
28:20 Chain Mail Armor
27:58 Stone Mining
29:53 Heavy Plow
32:42 Hand Cart
35:52 Imperial Age
CaroDaddy
3:05 Loom
11:22 Feudal Age
12:09 Double-Bit Axe
15:39 Scale Mail Armor
16:05 Horse Collar
21:19 Castle Age
21:09 Wheelbarrow
20:19 Town Watch
22:47 Bow Saw
22:30 Gold Mining
22:31 Stone Mining
22:33 Fletching
25:06 Scale Barding Armor
25:42 Gold Shaft Mining
27:31 Heavy Plow
27:34 Husbandry
27:45 Bloodlines
29:04 Hand Cart
29:55 Pikeman
30:35 Squires
31:16 Ballistics
31:07 Careening
30:57 Murder Holes
34:16 Imperial Age
32:02 Town Patrol
32:32 Bodkin Arrow
32:58 Chain Barding Armor
32:53 Chain Mail Armor
33:00 Forging
36:15 Plate Mail Armor
36:21 Plate Barding Armor
35:10 Cavalier
fbouser
4:18 Loom
9:51 Feudal Age
10:42 Double-Bit Axe
15:28 Wheelbarrow
17:23 Bloodlines
17:32 Horse Collar
18:18 Scale Barding Armor
22:44 Castle Age
22:48 Forging
24:18 Husbandry
30:17 Town Watch
33:09 Imperial Age
33:27 Imperial Age
32:39 Chain Barding Armor
32:56 Iron Casting
35:16 Plate Barding Armor
Tommy Gun
6:36 Loom
9:26 Feudal Age
16:46 Horse Collar
16:54 Double-Bit Axe
22:05 Castle Age
20:53 Scale Barding Armor
22:07 Forging
22:10 Cavalier
22:51 Husbandry
23:06 Stone Mining
23:09 Gold Mining
23:33 Bow Saw
23:27 Heavy Plow
27:28 Fletching
30:16 Chain Barding Armor
33:27 Bodkin Arrow
35:15 Iron Casting
34:50 Town Watch
38:24 Imperial Age
Connection lost

Rejoining the realm…

Still unreachable

The connection could not be restored.

Session expired

The server has moved on; the page needs a fresh start.